 Dungeon Crawl Stone Soup version 0.31-a0-590-g8a5a4361df (webtiles) character file.

Game seed: 12413054978793570677

688 Mickster the Cleaver (level 7, 0/61 HPs)
             Began as a Hill Orc Berserker on Aug 19, 2023.
             Was a Believer of Trog.
             Succumbed to an orc wizard's poison
             ... on level 4 of the Dungeon.
             The game lasted 00:19:02 (3006 turns).

Mickster the Cleaver (Hill Orc Berserker)           Turns: 3006, Time: 00:19:03

Health: 0/61       AC: 13    Str: 22    XL:     7   Next: 62%
Magic:  7/7        EV:  9    Int:  7    God:    Trog [**....]
Gold:   223        SH:  0    Dex: 10    Spells: 6/6 levels left

rFire   + . .        a - +1 hand axe
rCold   . . .        (no shield)
rNeg    . . .        h - +3 chain mail {rF+}
rPois   .            i - +0 helmet
rElec   .            p - scarf {repulsion}
rCorr   .            (no gloves)
SInv    .            (no boots)
Will    .....        (no amulet) Stlth
                     j - +4 ring of slaying
HPRegen 0.30/turn    (no ring)
MPRegen 0.10/turn

%: repel missiles
@: lethally poisoned (0 -> -1), on berserk cooldown, hasted and slowed
A: no striking features
a: Renounce Religion, Berserk, Trog's Hand


You were on level 4 of the Dungeon.
You worshipped Trog.
Trog was pleased with you.
You visited 1 branch of the dungeon, and saw 4 of its levels.

You collected 223 gold pieces.

Inventory:

Hand Weapons
 a - a +1 hand axe (weapon)
 b - a +2 quarterstaff of chaos
 g - a +1 falchion of holy wrath
Missiles
 e - 24 stones
 f - 4 poisoned darts (quivered)
Armour
 c - a +0 cloak
 d - a +1 cloak
 h - a +3 chain mail of fire resistance (worn)
 i - a +0 helmet (worn)
 p - a scarf of repulsion (worn)
Jewellery
 j - a +4 ring of slaying (left hand)
Wands
 n - a wand of digging (3)
Scrolls
 m - a scroll of identify {unknown}
 o - a scroll of fear
 q - a scroll of teleportation
 r - a scroll of revelation {unknown}
Potions
 l - a potion of heal wounds {unknown}


   Skills:
 + Level 5.2 Fighting
 * Level 9.1 Axes
 + Level 1.3 Throwing
 + Level 3.8 Armour
 + Level 2.1 Dodging
 + Level 0.3 Stealth


You had 6 spell levels left.
You didn't know any spells.
Your spell library was empty.

Dungeon Overview and Level Annotations

Branches:
Dungeon (4/15)             Temple (0/1) D:4

Altars:
The Shining One


Message History

You are more poisoned.
Something hits you but does no damage.
You are lethally poisoned!
You slash something! Trog accepts your kill.
Trog appreciates your killing of a magic user.
Reactivating autopickup.
You feel a bit more experienced.
You feel extremely sick.
* * * LOW HITPOINT WARNING * * *
You feel extremely sick.
Items here: ) [ ††.
* * * LOW HITPOINT WARNING * * *
You feel very sick.
The endoplasm hits you but does no damage.
Things that are here:
a +0 morningstar; a +0 ring mail; an orc corpse
* * * LOW HITPOINT WARNING * * *
You feel very sick.
You see here a +0 war axe.
You slash the endoplasm!
You kill the endoplasm!
Trog accepts your kill.
* * * LOW HITPOINT WARNING * * *
You feel very sick.
* * * LOW HITPOINT WARNING * * *
You feel sick.
You see here a howler monkey corpse.
* * * LOW HITPOINT WARNING * * *
You feel sick.
Things that are here:
a +0 giant club; an ogre corpse Welcome back, Mickster the Hill Orc Berserker.
Trog says: Kill them all!
Press ? for a list of commands and other information.
* * * LOW HITPOINT WARNING * * *
You feel sick.
You see here a howler monkey corpse.
It was a potion of haste.
You feel yourself speed up.
You die...

#.# #.# #.# #.#
#######.# #######
#.......# ......#
#.......## ###......#
#......>.#####[[.......
#...........)@)[.......
#........#####...#.....
#........######### ....
#............### ...
######...###...## ..
#...# ###..## .
#...######..#
#...##......#
#...##......#


There were no monsters in sight!

Vanquished Creatures
  2 ogres (D:4)
  A phantom (D:4)
  A scorpion (D:2)
  A howler monkey (D:4)
  A crimson imp (D:3)
  A hound (D:4)
  Crazy Yiuf (D:2)
  Terence (D:2)
  4 orc wizards
  A gnoll (D:1)
  2 adders (D:3)
  3 worms
  4 dart slugs
  8 orcs
  5 endoplasms
  3 giant cockroaches (D:1)
  4 goblins
  3 hobgoblins
  7 jackals
  7 kobolds
  5 quokkas
  7 ball pythons
  3 bats
  3 frilled lizards
  2 goblin skeletons (D:3)
  3 goblin zombies (D:3)
  2 hobgoblin zombies (D:3)
  A kobold skeleton (D:3)
  An orc zombie (D:3)
  6 rats
93 creatures vanquished.

Notes
Turn   | Place    | Note
-------+----------+-------------------------------------------
     0 | D:1      | Mickster the Hill Orc Berserker began the quest for the
                  | Orb.
     0 | D:1      | Reached XP level 1. HP: 19/19 MP: 1/1
    51 | D:1      | Reached XP level 2. HP: 27/27 MP: 2/2
   155 | D:1      | Reached XP level 3. HP: 10/33 MP: 3/3
   900 | D:2      | Noticed Terence
   904 | D:2      | Reached skill level 5 in Axes
   915 | D:2      | Killed Terence
   916 | D:2      | Reached XP level 4. HP: 41/41 MP: 4/4
   964 | D:2      | Found a runed translucent door.
   965 | D:2      | Noticed Crazy Yiuf
   976 | D:2      | Killed Crazy Yiuf
  1280 | D:2      | Noticed a scorpion
  1293 | D:2      | Killed a scorpion
  1294 | D:2      | Reached skill level 6 in Axes
  1294 | D:2      | Reached XP level 5. HP: 47/47 MP: 5/5
  1921 | D:3      | Found a glowing golden altar of the Shining One.
  1925 | D:3      | Reached ** piety under Trog
  1926 | D:3      | Reached skill level 1 in Throwing
  2014 | D:3      | Reached XP level 6. HP: 53/53 MP: 6/6
  2030 | D:3      | Reached skill level 7 in Axes
  2715 | D:4      | Found a staircase to the Ecumenical Temple.
  2719 | D:4      | Reached skill level 8 in Axes
  2719 | D:4      | Reached XP level 7. HP: 60/60 MP: 7/7
  2755 | D:4      | Reached skill level 5 in Fighting
  2985 | D:4      | Reached skill level 9 in Axes
  3003 | D:4      | HP: 3/61 [poisoned by an orc wizard]
  3005 | D:4      | Upgraded the game from 0.31-a0-574-g69dc8cc98e to
                  | 0.31-a0-590-g8a5a4361df
  3005 | D:4      | HP: 1/61 [poisoned by an orc wizard]
  3006 | D:4      | Succumbed to an orc wizard's poison

Illustrated notes

Levels and vault maps discovered:
D:1:      beargit_arrival_greenhouse, layout_basic
D:2:      layout_basic, minmay_tetromino_t4, uniq_terence,
          uniq_crazy_yiuf_cottage
D:3:      layout_loops_cross, nicolae_tso_besieged_by_evil
D:4:      layout_basic, lemuel_zombie_altar_yredelemnul,
          minmay_temple_entry_waves

Skill      XL: |  1  2  3  4  5  6  7 |
---------------+----------------------+-----
Fighting       | 4 5 |  5.2
Axes           | 5 6 8 9 |  9.1
Throwing       | 1 |  1.3
Armour         | 3 |  3.8
Dodging        | 2 |  2.1
Stealth        | |  0.3

Action                     |  1- 3 |  4- 6 |  7- 9 || total
---------------------------+-------+-------+-------++-------
  Melee: Hand axe          |    59 |   115 |    40 ||   214
         Punch             |       |     1 |     2 ||     3
  Throw: Dart              |       |     2 |       ||     2
 Invoke: Berserk           |     1 |     6 |     1 ||     8
         Trog's Hand       |       |     1 |       ||     1
    Use: Scroll            |     1 |     3 |       ||     4
         Potion            |       |       |     1 ||     1
 Armour: Animal skin       |     1 |       |       ||     1
         Chain mail        |    29 |    77 |    32 ||   138
  Dodge: Dodged            |    25 |    37 |    17 ||    79
         Repelled          |       |       |     2 ||     2

Table legend: (Time is in decaauts)
 A = Elapsed time spent in this place.
 B = Non-inter-level travel time spent in this place.
 C = Inter-level travel time spent in this place.
 D = Time resting spent in this place.
 E = Time spent auto-exploring this place.
 F = Levels seen in this place.
 G = Mean time per level.
                   A        B        C        D        E       F      G
               +--------+--------+--------+--------+--------+-----+--------+
         Total |   3065 |   2940 |    125 |    225 |   1650 |   4 |  766.2 |
       Dungeon |   3065 |   2940 |    125 |    225 |   1650 |   4 |  766.2 |
               +--------+--------+--------+--------+--------+-----+--------+

Top non-repeatable levels by time:
     D:1: 899 daAuts
     D:2: 877 daAuts
     D:3: 798 daAuts
     D:4: 490 daAuts
